[Event "Norwegian Team Championship 2019"]
[Site "Drammen"]
[Date "2019.06.01"]
[Round "4.11"]
[White "Lund, Terje"]
[Black "Stokke, Kjetil"]
[Result "1/2-1/2"]
[ECO "D25"]
[WhiteElo "2055"]
[BlackElo "2343"]
[Annotator "ChessBase"]
[PlyCount "94"]
[EventDate "2019.05.30"]
[EventType "swiss"]
[EventCountry "NOR"]
[SourceTitle "playchess.com"]
[Source "ChessBase"]
[SourceQuality "1"]
[TimeControl "40/5400:1800"]

1. d4 d5 2. Nf3 Nf6 3. c4 dxc4 4. e3 b5 5. a4 b4 6. Bxc4 e6 7. O-O Bb7 8. Nbd2 Be7 9. Re1 O-O 10. Nb3 c5 11. Nxc5 Bxc5 12. dxc5 Nbd7 13. c6 Bxc6 14. Nd4 Bb7 15. Bxe6 fxe6 16. Nxe6 Qe7 17. Nxf8 Rxf8 18. f3 Ne5 19. e4 Ba6 20. Be3 Rd8 21. Qc2 Rc8 22. Qd1 Rd8 23. Qc2 Rc8 24. Qd1 Kh8 25. Qd4 Nd3 26. Red1 Qd7 27. Rd2 Qxd4 28. Bxd4 Nc1 29. Bxf6 gxf6 30. Rd6 Bd3 31. Kf2 Rc2+ 32. Ke3 Bc4 33. Rc6 a5 34. Rb1 Kg7 35. g4 b3 36. h4 Na2 37. Rd1 Nb4 38. Rc7+ Bf7 39. Rb7 Nc6 40. f4 Kf8 41. Rdd7 Bc4 42. Rbc7 Ke8 43. Rxh7 Re2+ 44. Kf3 Nd4+ 45. Kg3 Re3+ 46. Kg2 Re2+ 47. Kg3 Re3+ 1/2-1/2

[Event "Norwegian Team Championship 2019"]
[Site "Drammen"]
[Date "2019.06.01"]
[Round "4.12"]
[White "Gullaksen, Eirik"]
[Black "Stokhaug, Jon Arne"]
[Result "1-0"]
[ECO "B31"]
[WhiteElo "2327"]
[BlackElo "1833"]
[Annotator "ChessBase"]
[PlyCount "81"]
[EventDate "2019.05.30"]
[EventType "swiss"]
[EventCountry "NOR"]
[SourceTitle "playchess.com"]
[Source "ChessBase"]
[SourceQuality "1"]
[TimeControl "40/5400:1800"]

1. e4 c5 2. Nf3 Nc6 3. Bb5 g6 4. Bxc6 dxc6 5. d3 Bg7 6. h3 e5 7. O-O Ne7 8. Be3 b6 9. a4 a5 10. Nbd2 f6 11. Nc4 Be6 12. Nfd2 O-O 13. f4 Qc7 14. fxe5 fxe5 15. Rxf8+ Rxf8 16. Qe1 Nc8 17. Qg3 Bf7 18. b3 Re8 19. Nf3 Bxc4 20. bxc4 Nd6 21. Rb1 Nf7 22. h4 Kh8 23. h5 gxh5 24. Qh3 Bf6 25. Qxh5 Rg8 26. Kf2 Bd8 27. Bd2 Qe7 28. Rh1 Rg7 29. Bc3 Bc7 30. Qf5 Kg8 31. Rh5 b5 32. Qc8+ Nd8 33. Bxe5 Bxe5 34. Rxe5 Qf8 35. cxb5 cxb5 36. Qxc5 Qxc5+ 37. Rxc5 bxa4 38. Rxa5 Rc7 39. Ra8 Rxc2+ 40. Kg3 a3 41. Rxd8+ 1-0

[Event "Norwegian Team Championship 2019"]
[Site "Drammen"]
[Date "2019.06.01"]
[Round "4.13"]
[White "Elsness, Frode"]
[Black "Gonzalez, Francisco Silva"]
[Result "1-0"]
[ECO "A25"]
[WhiteElo "2440"]
[BlackElo "2125"]
[Annotator "ChessBase"]
[PlyCount "103"]
[EventDate "2019.05.30"]
[EventType "swiss"]
[EventCountry "NOR"]
[SourceTitle "playchess.com"]
[Source "ChessBase"]
[SourceQuality "1"]
[TimeControl "40/5400:1800"]

1. c4 e5 2. g3 Nc6 3. Bg2 Bc5 4. Nc3 d6 5. e3 a6 6. Nge2 Ba7 7. O-O h5 8. d4 h4 9. b4 hxg3 10. fxg3 Nf6 11. b5 axb5 12. cxb5 Ne7 13. Qd3 c6 14. Bb2 Be6 15. Ne4 Nxe4 16. Bxe4 d5 17. Bg2 e4 18. Qb3 Bb8 19. Nf4 Bg4 20. Rf2 Bd6 21. a4 Qd7 22. bxc6 bxc6 23. Ba3 Rb8 24. Qc3 Bxa3 25. Qxa3 O-O 26. a5 Nc8 27. Ng6 Re8 28. Ne5 Qe6 29. Rxf7 Be2 30. Rf2 Bb5 31. Bf1 Nd6 32. a6 Ra8 33. Qc5 Nc4 34. Nxc4 dxc4 35. a7 Qd5 36. Rc2 Qxc5 37. dxc5 Kf7 38. Bxc4+ Bxc4 39. Rxc4 Kf6 40. Ra6 Ke5 41. Rca4 Kd5 42. R6a5 Re7 43. h4 Ke5 44. Kg2 Rb7 45. Kh3 Rb3 46. Ra6 Rb7 47. Rxc6 Rbxa7 48. Rxa7 Rxa7 49. Rg6 Kd5 50. c6 Rc7 51. Kg4 Rf7 52. Rg5+ 1-0

[Event "Norwegian Team Championship 2019"]
[Site "Drammen"]
[Date "2019.06.01"]
[Round "4.14"]
[White "Rishovd, Svein"]
[Black "Mihajlov, Sebastian"]
[Result "1/2-1/2"]
[ECO "E69"]
[WhiteElo "2113"]
[BlackElo "2371"]
[Annotator "ChessBase"]
[PlyCount "80"]
[EventDate "2019.05.30"]
[EventType "swiss"]
[EventCountry "NOR"]
[SourceTitle "playchess.com"]
[Source "ChessBase"]
[SourceQuality "1"]
[TimeControl "40/5400:1800"]

1. Nf3 Nf6 2. d4 g6 3. g3 Bg7 4. Bg2 d6 5. O-O O-O 6. c4 Nbd7 7. Nc3 e5 8. b3 Re8 9. e4 c6 10. h3 a5 11. Be3 exd4 12. Nxd4 Nc5 13. f3 Qe7 14. Bf2 Ne6 15. Qd2 Nh5 16. Nde2 f5 17. exf5 gxf5 18. Rad1 Bf8 19. Rfe1 Qg5 20. f4 Qg6 21. Kh2 Nc5 22. Nd4 Nf6 23. Rxe8 Qxe8 24. Re1 Qg6 25. Qc2 Bd7 26. Nf3 Re8 27. Rxe8 Qxe8 28. Bxc5 dxc5 29. Ne5 Be6 30. Qd3 Nd7 31. Nf3 Nf6 32. Ng5 Bc8 33. Na4 Qd7 34. Qc3 Qd8 35. Nb6 Qxb6 36. Qxf6 Qc7 37. Ne6 Qe7 38. Qxf8+ Qxf8 39. Nxf8 Kxf8 40. Bf1 Ke7 1/2-1/2

[Event "Norwegian Team Championship 2019"]
[Site "Drammen"]
[Date "2019.06.01"]
[Round "4.15"]
[White "Mihajlov, Svetoslav"]
[Black "Nilsen, Tobias Lang"]
[Result "1-0"]
[ECO "A36"]
[WhiteElo "2161"]
[BlackElo "1986"]
[Annotator "ChessBase"]
[PlyCount "73"]
[EventDate "2019.05.30"]
[EventType "swiss"]
[EventCountry "NOR"]
[SourceTitle "playchess.com"]
[Source "ChessBase"]
[SourceQuality "1"]
[TimeControl "40/5400:1800"]

1. c4 c5 2. Nc3 Nc6 3. g3 g6 4. Bg2 Bg7 5. d3 d6 6. Bd2 Bd7 7. a3 a5 8. e3 Rb8 9. Nge2 Ne5 10. Qc2 Bf5 11. e4 Bg4 12. Ng1 Nc6 13. f3 Nd4 14. Qd1 Bd7 15. Nge2 e5 16. O-O Ne7 17. Nxd4 cxd4 18. Nb5 Bxb5 19. cxb5 d5 20. Qa4 b6 21. Bh3 O-O 22. Rac1 f5 23. b4 Qd7 24. bxa5 bxa5 25. Rb1 Ra8 26. Qb3 a4 27. Qb4 Rfb8 28. Rfc1 Bf8 29. Qb2 Nc8 30. exf5 gxf5 31. f4 Nd6 32. b6 Nc8 33. b7 Rxb7 34. Qxb7 Qxb7 35. Rxb7 Nd6 36. Rd7 e4 37. Bb4 1-0

[Event "Norwegian Team Championship 2019"]
[Site "Drammen"]
[Date "2019.06.01"]
[Round "4.16"]
[White "Kristiansen, Rune Harald"]
[Black "Dale, Gunnar Brandshaug"]
[Result "0-1"]
[ECO "A50"]
[WhiteElo "1872"]
[BlackElo "2003"]
[Annotator "NA"]
[PlyCount "62"]
[EventDate "2019.05.30"]
[EventType "swiss"]
[EventCountry "NOR"]
[SourceTitle "playchess.com"]
[Source "ChessBase"]
[SourceQuality "1"]
[TimeControl "40/5400:1800"]

1. d4 Nf6 2. c4 e6 3. g4 d5 4. Nf3 dxc4 5. Nc3 Bb4 6. e3 b5 7. Bd2 a6 8. Rg1 Bb7 9. g5 Bxc3 10. Bxc3 Nd5 11. Ne5 Nd7 12. Ba5 Nxe5 13. dxe5 Nb6 14. Qh5 g6 15. Qh6 Qe7 16. Rd1 Qf8 17. Qh4 h5 18. a3 Qe7 19. Bb4 c5 20. Ba5 Nd7 21. Bc7 Rc8 22. Bd6 Qd8 23. Be2 Qa5+ 24. Kf1 c3 25. bxc3 Qxc3 26. e4 Qxa3 27. Rg3 Qa4 28. Re3 c4 29. Qf4 c3 30. Rf3 Rh7 31. Bd3 Qxd1+ {[%emt 0:00:13] Be2 Qa4} 0-1

[Event "Norwegian Team Championship 2019"]
[Site "Drammen"]
[Date "2019.06.01"]
[Round "4.17"]
[White "Madsen, Dag"]
[Black "Haug, Johannes"]
[Result "1/2-1/2"]
[ECO "E08"]
[WhiteElo "2262"]
[BlackElo "2438"]
[Annotator "ChessBase"]
[PlyCount "81"]
[EventDate "2019.05.30"]
[EventType "swiss"]
[EventCountry "NOR"]
[SourceTitle "playchess.com"]
[Source "ChessBase"]
[SourceQuality "1"]
[TimeControl "40/5400:1800"]

1. Nf3 Nf6 2. c4 e6 3. g3 d5 4. d4 Bb4+ 5. Bd2 a5 6. Bg2 O-O 7. Qc2 Be7 8. O-O c6 9. Bf4 Nbd7 10. Na3 Nh5 11. Bd2 f5 12. Rac1 Bd6 13. Bg5 Qe8 14. e3 h6 15. Bf4 Be7 16. Ne5 Nxf4 17. exf4 Nxe5 18. fxe5 f4 19. Bf3 Bd7 20. c5 h5 21. Kg2 Qf7 22. Nb1 g5 23. h3 Be8 24. Qe2 Qh7 25. Rc3 Bg6 26. Nd2 Kg7 27. a4 fxg3 28. fxg3 Rf7 29. g4 h4 30. Qe3 Bc2 31. Bd1 Bxd1 32. Rxd1 Raf8 33. Rf1 Rxf1 34. Nxf1 Qb1 35. Nd2 Qxb2 36. Rb3 Qc2 37. Rxb7 Rf7 38. Rb3 Qa2 39. Ra3 Qc2 40. Rb3 Qa2 41. Ra3 1/2-1/2

[Event "Norwegian Team Championship 2019"]
[Site "Drammen"]
[Date "2019.06.01"]
[Round "4.18"]
[White "Tryggestad, Andreas Garberg"]
[Black "Holand, Per Fredrik"]
[Result "0-1"]
[ECO "E04"]
[WhiteElo "2324"]
[BlackElo "1883"]
[Annotator "ChessBase"]
[PlyCount "72"]
[EventDate "2019.05.30"]
[EventType "swiss"]
[EventCountry "NOR"]
[SourceTitle "playchess.com"]
[Source "ChessBase"]
[SourceQuality "1"]
[TimeControl "40/5400:1800"]

1. d4 Nf6 2. c4 e6 3. Nf3 d5 4. Nc3 c6 5. g3 dxc4 6. Ne5 b5 7. Bg2 a6 8. O-O Bb7 9. b3 b4 10. Na4 c3 11. Bg5 h6 12. Bxf6 gxf6 13. Nc4 a5 14. f4 f5 15. e3 Nd7 16. g4 Rg8 17. e4 fxe4 18. f5 e5 19. dxe5 Nc5 20. Nd6+ Bxd6 21. exd6 Nxa4 22. bxa4 Qb6+ 23. Kh1 O-O-O 24. Qb3 Rd7 25. f6 c5 26. Rae1 Rxg4 27. Qc4 Qxd6 28. Rf5 Rc7 29. Rh5 Qd2 30. Qe2 Qxe2 31. Rxe2 e3 32. Bxb7+ Kxb7 33. Re5 Rd7 34. h3 Rc4 35. Re7 Rxe7 36. fxe7 Re4 0-1

[Event "Norwegian Team Championship 2019"]
[Site "Drammen"]
[Date "2019.06.01"]
[Round "4.19"]
[White "Markussen, Petter B"]
[Black "Nordquelle, Daniel"]
[Result "0-1"]
[ECO "A34"]
[WhiteElo "1882"]
[BlackElo "2080"]
[Annotator "NA"]
[PlyCount "44"]
[EventDate "2019.05.30"]
[EventType "swiss"]
[EventCountry "NOR"]
[SourceTitle "playchess.com"]
[Source "ChessBase"]
[SourceQuality "1"]
[TimeControl "40/5400:1800"]

1. c4 c5 2. Nc3 Nf6 3. g3 d5 4. cxd5 Nxd5 5. Bg2 Nc7 6. Nf3 Nc6 7. a3 Rb8 8. b4 cxb4 9. axb4 b5 10. Ng5 Bb7 11. Qb3 e6 12. Nge4 Bxb4 13. Rxa7 Nxa7 14. Qxb4 Qe7 15. Qd4 O-O 16. Qxa7 f5 17. Nf6+ gxf6 18. Bxb7 Na8 19. Qa6 Rxb7 20. Nxb5 Rb6 21. Qa7 Qxa7 22. Nxa7 Rf7 0-1

[Event "Norwegian Team Championship 2019"]
[Site "Drammen"]
[Date "2019.06.01"]
[Round "4.20"]
[White "Tenold, Andreas"]
[Black "Jakobsen, Kjetil Ansgar"]
[Result "0-1"]
[ECO "A89"]
[WhiteElo "1969"]
[BlackElo "1842"]
[Annotator "NA"]
[PlyCount "46"]
[EventDate "2019.05.30"]
[EventType "swiss"]
[EventCountry "NOR"]
[SourceTitle "playchess.com"]
[Source "ChessBase"]
[SourceQuality "1"]
[TimeControl "40/5400:1800"]

1. d4 f5 2. c4 Nf6 3. g3 g6 4. Bg2 Bg7 5. Nf3 O-O 6. O-O d6 7. Nc3 Nc6 8. Qc2 e5 9. dxe5 dxe5 10. Rd1 Qe7 11. Nd5 Nxd5 12. cxd5 Nd8 13. Be3 b6 14. Rac1 e4 15. Nd4 Rf7 16. Bf4 Bb7 17. Qc4 Rc8 18. Ne6 Bxd5 19. Qxd5 Nxe6 20. b3 g5 21. Be5 Rd8 22. Qb5 a6 23. Rxd8+ Nxd8 0-1

[Event "Norwegian Team Championship 2019"]
[Site "Drammen"]
[Date "2019.06.02"]
[Round "5.2"]
[White "Stokke, Kjetil"]
[Black "Hauge, Lars Oskar"]
[Result "0-1"]
[ECO "A26"]
[WhiteElo "2343"]
[BlackElo "2470"]
[Annotator "ChessBase"]
[PlyCount "174"]
[EventDate "2019.05.30"]
[EventType "swiss"]
[EventCountry "NOR"]
[SourceTitle "playchess.com"]
[Source "ChessBase"]
[SourceQuality "1"]
[TimeControl "40/5400:1800"]

1. c4 f5 2. g3 Nf6 3. Bg2 d6 4. Nc3 g6 5. d3 Bg7 6. e4 Nc6 7. Nge2 O-O 8. O-O e5 9. Nd5 fxe4 10. dxe4 Be6 11. h3 Qd7 12. Kh2 Rae8 13. Be3 Nd8 14. Qd2 Nh5 15. Rad1 b6 16. b3 Nf7 17. Rde1 Qd8 18. Rd1 Bd7 19. b4 c6 20. Ndc3 Be6 21. Qd3 g5 22. b5 cxb5 23. Nxb5 Qe7 24. Nxd6 Rd8 25. c5 Nf4 26. gxf4 gxf4 27. Nxf4 exf4 28. Bxf4 bxc5 29. Qg3 Kh8 30. Nxf7+ Qxf7 31. Be5 Bxa2 32. Rxd8 Rxd8 33. Ra1 Be6 34. Bxg7+ Qxg7 35. Qxg7+ Kxg7 36. Rxa7+ Kf6 37. f4 c4 38. Ra6 Ke7 39. f5 Bd7 40. Kg3 c3 41. Ra2 Rc8 42. Rc2 Ba4 43. Rc1 c2 44. e5 Rc4 45. f6+ Ke6 46. f7 Rc3+ 47. Kf4 Kxf7 48. Be4 h6 49. Bf5 Ke7 50. h4 Rc4+ 51. Ke3 h5 52. Bd3 Rxh4 53. Bxc2 Rc4 54. Rh1 Bxc2 55. Rxh5 Ke6 56. Rg5 Bb1 57. Rh5 Bf5 58. Rh8 Rb4 59. Re8+ Kd5 60. Rd8+ Kxe5 61. Re8+ Be6 62. Kd3 Rb3+ 63. Kc2 Rg3 64. Re7 Kd5 65. Re8 Bf5+ 66. Kd2 Be4 67. Rd8+ Ke5 68. Ke2 Bd5 69. Kf2 Rb3 70. Rf8 Kd4 71. Re8 Rf3+ 72. Ke2 Rg3 73. Rf8 Bc6 74. Rd8+ Ke4 75. Kd2 Bd5 76. Rh8 Kd4 77. Re8 Rg7 78. Re1 Bc4 79. Re8 Rg2+ 80. Ke1 Bb5 81. Re6 Bd3 82. Re8 Rb2 83. Re7 Be4 84. Kf1 Ke3 85. Kg1 Rg2+ 86. Kf1 Rh2 87. Rg7 Rb2 0-1

[Event "Norwegian Team Championship 2019"]
[Site "Drammen"]
[Date "2019.06.02"]
[Round "5.3"]
[White "Getz, Nicolai"]
[Black "Gullaksen, Eirik"]
[Result "1-0"]
[ECO "E62"]
[WhiteElo "2380"]
[BlackElo "2327"]
[Annotator "ChessBase"]
[PlyCount "99"]
[EventDate "2019.05.30"]
[EventType "swiss"]
[EventCountry "NOR"]
[SourceTitle "playchess.com"]
[Source "ChessBase"]
[SourceQuality "1"]
[TimeControl "40/5400:1800"]

1. Nf3 Nf6 2. g3 g6 3. Bg2 Bg7 4. O-O O-O 5. c4 d6 6. d4 Nc6 7. Nc3 e5 8. d5 Nb8 9. Qc2 a5 10. Bd2 Na6 11. a3 Nd7 12. Nb5 b6 13. b4 axb4 14. axb4 Bb7 15. Ra3 h6 16. e4 Qe7 17. Rfa1 Rfc8 18. Qd3 Bf8 19. Qe2 Kh7 20. h4 Nf6 21. Bh3 Rd8 22. Nh2 Bg7 23. R1a2 h5 24. Nf3 Bh6 25. Ng5+ Kg7 26. Qe1 Nh7 27. Qc1 Bxg5 28. hxg5 Rf8 29. Bg2 Qd7 30. Kh2 Kh8 31. Bh3 Qe7 32. Kg2 f6 33. gxf6 Qxf6 34. f4 c6 35. dxc6 Bxc6 36. Rxa6 Rxa6 37. Rxa6 Ng5 38. Nc3 Nxh3 39. Kxh3 Qe6+ 40. Kh2 Qxc4 41. Rxb6 Bxe4 42. Qe1 Qd4 43. Qe3 d5 44. Nxe4 dxe4 45. Qxd4 exd4 46. Rd6 e3 47. Be1 Rc8 48. Kg2 Rc1 49. Kf1 Rd1 50. Rxd4 1-0

[Event "Norwegian Team Championship 2019"]
[Site "Drammen"]
[Date "2019.06.02"]
[Round "5.4"]
[White "Gabrielsen, Stig"]
[Black "Ogaard, Leif"]
[Result "1-0"]
[ECO "B48"]
[WhiteElo "2279"]
[BlackElo "2385"]
[Annotator "ChessBase"]
[PlyCount "103"]
[EventDate "2019.05.30"]
[EventType "swiss"]
[EventCountry "NOR"]
[SourceTitle "playchess.com"]
[Source "ChessBase"]
[SourceQuality "1"]
[TimeControl "40/5400:1800"]

1. e4 c5 2. Nf3 e6 3. d4 cxd4 4. Nxd4 Nc6 5. Nc3 Qc7 6. Be3 a6 7. Qd2 Nf6 8. f3 Be7 9. O-O-O O-O 10. g4 Nxd4 11. Qxd4 b5 12. g5 Nh5 13. Ne2 e5 14. Qd2 Rd8 15. Ng3 Nf4 16. Nf5 d5 17. Nxe7+ Qxe7 18. Bxf4 exf4 19. Qxf4 dxe4 20. Rxd8+ Qxd8 21. Qxe4 Be6 22. Bd3 g6 23. Kb1 Rc8 24. h4 Qa5 25. a3 Re8 26. Qc6 Rd8 27. Qc3 Qxc3 28. bxc3 Bc4 29. Bxc4 bxc4 30. Re1 Rd5 31. Re4 Rc5 32. f4 h5 33. a4 Kf8 34. Kc1 Kg7 35. Kd2 Kf8 36. Ke3 Kg7 37. Re5 Rc7 38. Kd4 Kf8 39. f5 gxf5 40. Rxf5 Kg7 41. Rf6 Rd7+ 42. Kxc4 Rd2 43. Kb3 Rg2 44. c4 Rg4 45. c5 Rxh4 46. c6 Re4 47. c7 Re8 48. Rc6 Rc8 49. Kb4 h4 50. Ka5 h3 51. Kb6 Rh8 52. Rh6 1-0

[Event "Norwegian Team Championship 2019"]
[Site "Drammen"]
[Date "2019.06.02"]
[Round "5.6"]
[White "Risting, Eivind Olav"]
[Black "Ingebretsen, Jens E"]
[Result "1-0"]
[ECO "E51"]
[WhiteElo "2357"]
[BlackElo "2243"]
[Annotator "ChessBase"]
[PlyCount "55"]
[EventDate "2019.05.30"]
[EventType "swiss"]
[EventCountry "NOR"]
[SourceTitle "playchess.com"]
[Source "ChessBase"]
[SourceQuality "1"]
[TimeControl "40/5400:1800"]

1. d4 Nf6 2. c4 e6 3. Nc3 Bb4 4. e3 O-O 5. Nf3 c5 6. a3 Bxc3+ 7. bxc3 d5 8. cxd5 exd5 9. Bd3 Nc6 10. O-O c4 11. Bc2 Bg4 12. Qe1 Re8 13. Rb1 Bxf3 14. gxf3 Qd7 15. Kh1 Qh3 16. Qd1 Re7 17. Rg1 Nh5 18. Rb5 Rd8 19. e4 dxe4 20. fxe4 Ne5 21. Qe2 Nf3 22. Rg2 a6 23. Rxh5 Qxh5 24. Bd1 Qh4 25. Qxf3 Rxe4 26. Be3 Rde8 27. Be2 b5 28. Bg5 1-0

[Event "Norwegian Team Championship 2019"]
[Site "Drammen"]
[Date "2019.06.02"]
[Round "5.7"]
[White "Dolzhikova, Olga"]
[Black "Gandrud, Vegar Koi"]
[Result "0-1"]
[ECO "B14"]
[WhiteElo "2210"]
[BlackElo "2325"]
[Annotator "ChessBase"]
[PlyCount "132"]
[EventDate "2019.05.30"]
[EventType "swiss"]
[EventCountry "NOR"]
[SourceTitle "playchess.com"]
[Source "ChessBase"]
[SourceQuality "1"]
[TimeControl "40/5400:1800"]

1. e4 c5 2. c3 g6 3. d4 cxd4 4. cxd4 d5 5. exd5 Nf6 6. Nc3 Bg7 7. Qb3 O-O 8. Nf3 Nbd7 9. d6 exd6 10. Be2 Nb6 11. O-O Be6 12. Qd1 Rc8 13. Bf4 Nfd5 14. Nxd5 Nxd5 15. Bg3 Qb6 16. Qd2 Nb4 17. a3 Nc2 18. Rad1 Bd5 19. Rc1 Bxf3 20. Rxc2 Bxe2 21. Qxe2 Rxc2 22. Qxc2 Bxd4 23. b4 Be5 24. Rc1 Re8 25. Bxe5 dxe5 26. Qe4 Re7 27. h3 Qe6 28. Rd1 f5 29. Qd3 b6 30. Qd8+ Kg7 31. Rd6 Qf7 32. Qc8 Rc7 33. Qd8 Qe7 34. Qxe7+ Rxe7 35. a4 Rc7 36. a5 bxa5 37. bxa5 Kf7 38. Rd8 Ke7 39. Rb8 Kd6 40. Kf1 Rc5 41. Rb7 Rxa5 42. Rxh7 Ke6 43. g3 Ra2 44. h4 Kf6 45. Rc7 a5 46. Ra7 e4 47. Kg1 a4 48. Kf1 a3 49. Ra6+ Kg7 50. Ra7+ Kh6 51. Kg1 Kh5 52. Ra6 g5 53. hxg5 Kxg5 54. Ra5 Kg4 55. Kf1 f4 56. gxf4 Kf3 57. Kg1 Ra1+ 58. Kh2 Kxf2 59. f5 e3 60. f6 Ke2 61. f7 Rf1 62. Rxa3 Rxf7 63. Kg3 Rg7+ 64. Kf4 Kf2 65. Ke4 Re7+ 66. Kd3 e2 0-1

[Event "Norwegian Team Championship 2019"]
[Site "Drammen"]
[Date "2019.06.02"]
[Round "5.8"]
[White "Storme, Isak"]
[Black "Svensen, Tarjei Joten"]
[Result "1-0"]
[ECO "C06"]
[WhiteElo "2309"]
[BlackElo "2056"]
[Annotator "ChessBase"]
[PlyCount "89"]
[EventDate "2019.05.30"]
[EventType "swiss"]
[EventCountry "NOR"]
[SourceTitle "playchess.com"]
[Source "ChessBase"]
[SourceQuality "1"]
[TimeControl "40/5400:1800"]

1. e4 e6 2. d4 d5 3. Nd2 Nf6 4. e5 Nfd7 5. Bd3 c5 6. c3 Nc6 7. Ne2 cxd4 8. cxd4 f6 9. exf6 Nxf6 10. O-O Bd6 11. Nf3 O-O 12. Bf4 Nh5 13. Bxd6 Qxd6 14. Qd2 Nf4 15. Nxf4 Qxf4 16. Qxf4 Rxf4 17. Rfd1 Bd7 18. Bb5 Raf8 19. Bxc6 Bxc6 20. Re1 R8f6 21. Rac1 h6 22. Re2 Rg4 23. Rc3 Bb5 24. Rd2 Re4 25. h3 Re2 26. Rxe2 Bxe2 27. Ne5 Rf4 28. Rc8+ Rf8 29. Rc7 b5 30. g3 a5 31. Kg2 a4 32. a3 Rb8 33. Nd7 Rd8 34. g4 Re8 35. Kg3 Bd3 36. Kf4 Bf1 37. h4 Be2 38. g5 hxg5+ 39. hxg5 Bd3 40. Ke5 Bf5 41. f4 Rd8 42. Rb7 Bd3 43. Nc5 Bf5 44. Nxe6 Bxe6 45. Kxe6 1-0

[Event "Norwegian Team Championship 2019"]
[Site "Drammen"]
[Date "2019.06.02"]
[Round "5.9"]
[White "Kaasen, Tor Fredrik"]
[Black "Elsness, Frode"]
[Result "1-0"]
[ECO "D34"]
[WhiteElo "2398"]
[BlackElo "2440"]
[Annotator "ChessBase"]
[PlyCount "81"]
[EventDate "2019.05.30"]
[EventType "swiss"]
[EventCountry "NOR"]
[SourceTitle "playchess.com"]
[Source "ChessBase"]
[SourceQuality "1"]
[TimeControl "40/5400:1800"]

1. d4 d5 2. c4 e6 3. Nf3 c5 4. cxd5 exd5 5. Nc3 Nc6 6. g3 Nf6 7. Bg2 Be7 8. O-O O-O 9. dxc5 Bxc5 10. Na4 Be7 11. b3 Bg4 12. Bb2 Qd7 13. Rc1 Rad8 14. Nc5 Bxc5 15. Rxc5 Ne4 16. Rxc6 Qxc6 17. Ne5 Qc8 18. Nxg4 Qxg4 19. f3 Qg5 20. Bc1 Qe7 21. fxe4 Qc5+ 22. e3 dxe4 23. Qe2 f5 24. Bb2 Rd3 25. Bd4 Qb4 26. Qc2 Rd2 27. Qc1 Rxd4 28. exd4 Qxd4+ 29. Kh1 h5 30. Qg5 e3 31. Re1 Re8 32. Qxf5 Re5 33. Qc8+ Kh7 34. Qc2+ g6 35. Qe2 b6 36. Bf3 Kh6 37. Qc4 Qd6 38. Qf4+ g5 39. Qf7 g4 40. Qf4+ Kg7 41. Rxe3 1-0

[Event "Norwegian Team Championship 2019"]
[Site "Drammen"]
[Date "2019.06.02"]
[Round "5.10"]
[White "Mihajlov, Sebastian"]
[Black "Fossum, Oystein Boyum"]
[Result "1-0"]
[ECO "B38"]
[WhiteElo "2371"]
[BlackElo "2258"]
[Annotator "ChessBase"]
[PlyCount "73"]
[EventDate "2019.05.30"]
[EventType "swiss"]
[EventCountry "NOR"]
[SourceTitle "playchess.com"]
[Source "ChessBase"]
[SourceQuality "1"]
[TimeControl "40/5400:1800"]

1. e4 c5 2. Nf3 g6 3. d4 cxd4 4. Nxd4 Bg7 5. c4 Nc6 6. Be3 Nf6 7. Nc3 O-O 8. Be2 d6 9. f3 Nxd4 10. Bxd4 Be6 11. O-O Qa5 12. Kh1 Rfc8 13. b3 a6 14. f4 b5 15. f5 Bd7 16. Bxf6 Bxf6 17. Nd5 Qd8 18. Nxf6+ exf6 19. fxg6 hxg6 20. Qxd6 Rc6 21. Qf4 Qb8 22. e5 Re6 23. Bg4 f5 24. Bf3 Bc6 25. Bxc6 Rxc6 26. Rac1 Re6 27. Rfe1 bxc4 28. Rxc4 Qb5 29. Rc3 Qa5 30. Rce3 Qxa2 31. Rh3 g5 32. Qxf5 Qd2 33. Rf1 Ra7 34. Qh7+ Kf8 35. Qh8+ Ke7 36. Rh7 Kd7 37. Rhxf7+ 1-0

[Event "Norwegian Team Championship 2019"]
[Site "Drammen"]
[Date "2019.06.02"]
[Round "5.11"]
[White "Stenersen, Gudmund"]
[Black "Mihajlov, Svetoslav"]
[Result "1/2-1/2"]
[ECO "B41"]
[WhiteElo "2183"]
[BlackElo "2161"]
[Annotator "ChessBase"]
[PlyCount "103"]
[EventDate "2019.05.30"]
[EventType "swiss"]
[EventCountry "NOR"]
[SourceTitle "playchess.com"]
[Source "ChessBase"]
[SourceQuality "1"]
[TimeControl "40/5400:1800"]

1. e4 c5 2. Nf3 e6 3. c4 Nc6 4. Nc3 a6 5. d4 cxd4 6. Nxd4 Qc7 7. Be3 Nf6 8. Rc1 Ne5 9. f3 d6 10. Be2 Be7 11. O-O O-O 12. Qd2 b6 13. Rfd1 Re8 14. Bf1 Rb8 15. b3 Bf8 16. Qf2 Ned7 17. Kh1 Bb7 18. Qh4 Rbc8 19. g4 h6 20. g5 hxg5 21. Bxg5 Nh7 22. Be3 Qb8 23. Bh3 Be7 24. Qg3 Ndf8 25. Rg1 Bf6 26. Nde2 d5 27. exd5 Qxg3 28. Rxg3 b5 29. dxe6 Nxe6 30. Ne4 Be5 31. Rgg1 Rcd8 32. Rgd1 Bc6 33. Kg2 Nhf8 34. Bb6 Rb8 35. Ba7 Ra8 36. Bf2 g6 37. Bg3 Bb2 38. Rc2 Bg7 39. cxb5 Bxb5 40. N2c3 Nd4 41. Rcd2 Nfe6 42. Nd5 Red8 43. Ndf6+ Kh8 44. Kf2 Bh6 45. Be5 Bxd2 46. Ng4+ Kg8 47. Nef6+ Kf8 48. Rxd2 Nf5 49. Nh7+ Ke8 50. Nhf6+ Kf8 51. Nh7+ Ke8 52. Nhf6+ 1/2-1/2

[Event "Norwegian Team Championship 2019"]
[Site "Drammen"]
[Date "2019.06.02"]
[Round "5.12"]
[White "Dale, Gunnar Brandshaug"]
[Black "Abrahamsson, Roaul"]
[Result "1-0"]
[ECO "B01"]
[WhiteElo "2003"]
[BlackElo "1980"]
[Annotator "NA"]
[PlyCount "87"]
[EventDate "2019.05.30"]
[EventType "swiss"]
[EventCountry "NOR"]
[SourceTitle "playchess.com"]
[Source "ChessBase"]
[SourceQuality "1"]
[TimeControl "40/5400:1800"]

1. e4 d5 2. exd5 Qxd5 3. Nc3 Qa5 4. Bc4 Nf6 5. d3 c6 6. Bd2 Bf5 {[%emt 0:00:32] B01: Scandinavian Defence} (6... Qc7 7. Qe2 Bf5 8. h3 h5 9. Nf3 Nbd7 10. O-O Nb6 11. Bb3 Nbd5 12. Nxd5 Nxd5 13. Nd4 Bd7 14. Bxd5 cxd5 15. c4 dxc4 16. dxc4 {½-½ (48) Efimenko,Z (2651)-Kryvoruchko,Y (2659) Kiev 2013}) 7. Qe2 (7. Nd5 $5 Qd8 8. Nxf6+ gxf6 9. Qe2 $14) 7... e6 8. h3 Be7 ({Black should play} 8... Bb4 $14) 9. g4 Bg6 10. O-O-O Qc7 11. f4 (11. h4 $14 h5 12. g5) 11... b5 12. Bb3 a5 13. a4 b4 (13... Nbd7 $11) 14. Ne4 Bxe4 $146 ({Predecessor:} 14... Nbd7 15. Nxf6+ Nxf6 {0-1 (56) Hoolt,S (2318)-Batsiashvili,N (2435) Tromsoe 2014}) 15. dxe4 Na6 16. g5 Nd7 17. Nf3 Nac5 18. f5 Nxb3+ 19. cxb3 e5 20. Kb1 Nc5 21. Qc4 Nd7 22. Be3 c5 $2 {[%emt 0:07:55] [#]} (22... f6 23. gxf6 gxf6) 23. Rh2 $2 (23. Rxd7 $1 Kxd7 (23... Qxd7 24. Nxe5) 24. Qd5+ {[%mdl 64] Double Attack} Kc8 25. Qxa8+ Qb8 26. Qxa5) 23... O-O {[%emt 0:00:43] [#]} 24. g6 $2 (24. f6 $1 $18 gxf6 25. gxf6 Bxf6 26. Bh6) 24... Bf6 $2 (24... hxg6 $16 {was called for.} 25. fxg6 Nb6 26. gxf7+ Rxf7) 25. Rhd2 Rad8 26. gxf7+ Kh8 27. Ng5 Bxg5 28. Bxg5 Nf6 29. Qe6 Rxd2 30. Rxd2 Qxf7 31. Qxf7 Rxf7 32. Rd8+ Ng8 33. Re8 h6 34. Be3 Re7 35. Rxe7 Nxe7 36. Bxc5 Nc6 37. Kc2 g6 38. Kd3 Kg7 39. fxg6 Kxg6 40. Kc4 Kg5 41. Kd5 Nb8 42. Kd6 $18 Kf4 43. Ba7 Kxe4 44. Bxb8 1-0